 Dungeon Crawl Stone Soup version 0.21.1-1-g345015f (webtiles) character file.

79579 BenDover the Blocker (level 15, -9/101 HPs)
             Began as an Octopode Artificer on Mar 5, 2018.
             Was an Initiate of Gozag.
             Mangled by a phantasmal warrior (32 damage)
             ... led by a death knight
             ... on level 14 of the Dungeon.
             The game lasted 01:42:15 (35344 turns).

BenDover the Blocker (Octopode Artificer)          Turns: 35344, Time: 01:42:16

Health: -9/101     AC: 13    Str:  8    XL:     15   Next: 64%
Magic:  23/23      EV: 22    Int: 20    God:    Gozag
Gold:   341        SH: 12    Dex: 24    Spells: 7/25 levels left

rFire    + + .     SeeInvis .     - Unarmed
rCold    . . .     Gourm    .   G - +0 shield {rF+}
rNeg     + + .     Faith    .   z - +2 hat
rPois    +         Spirit   .   W - amulet "Qaer" {RegenMP rPois rF+}
rElec    .         Reflect  .   r - ring of stealth
rCorr    +         Harm     .   s - +3 ring of intelligence
MR       ++...                  C - ring of resist corrosion
Stlth    ++++++....             d - +3 ring of protection
HPRegen  0.26/turn              H - ring "Ynnaokuh" {rN++ Str-5 Int+3 Dex+3}
MPRegen  0.43/turn              M - +4 ring of slaying
                                t - ring of protection from magic
                                x - +2 ring of dexterity

@: icy armour, gold aura, slow
A: almost no armour, stealthy swim, amphibious, 8 rings, constrict 8, antennae
1, camouflage 1, strong 1, gelatinous body 1
a: Potion Petition, Call Merchant, Bribe Branch, Renounce Religion


You were on level 14 of the Dungeon.
You worshipped Gozag.
Gozag was aware of your devotion.
You were not hungry.

You visited 4 branches of the dungeon, and saw 23 of its levels.
You also visited: Ossuary.

You collected 8694 gold pieces.
You spent 2905 gold pieces at shops.
You paid 5448 gold pieces to Gozag.

Inventory:

Hand Weapons
 w - a +4 blowgun
Missiles
 k - 6 javelins (quivered)
 u - 61 poisoned needles
 y - 6 curare-tipped needles
Armour
 z - a +2 hat (worn)
 G - a +0 shield of fire resistance (worn)
Jewellery
 d - a +3 ring of protection (on tentacle)
 r - a ring of stealth (left tentacle)
 s - a +3 ring of intelligence (right tentacle)
 t - a ring of protection from magic (on tentacle)
 x - a +2 ring of dexterity (on tentacle)
 C - a ring of resist corrosion (on tentacle)
 H - the ring "Ynnaokuh" (on tentacle) {rN++ Str-5 Int+3 Dex+3}
   (You bought it in a shop on level 10 of the Dungeon)

   [ring of intelligence]

   It affects your strength (-5).
   It affects your intelligence (+3).
   It affects your dexterity (+3).
   It greatly protects you from negative energy.
 M - a +4 ring of slaying (on tentacle)
 W - the amulet "Qaer" (around mantle) {RegenMP rPois rF+}
   (You bought it in a shop on level 3 of the Lair of Beasts)

   [amulet of magic regeneration]

   It increases your magic regeneration.
   It protects you from fire.
   It protects you from poison.
Wands
 f - a wand of iceblast (1)
 B - a wand of digging (6)
 P - a wand of enslavement (10)
 U - a wand of polymorph (26)
 V - a wand of flame (8)
Scrolls
 g - 10 scrolls of remove curse
 h - 4 scrolls of fear
 n - 8 scrolls of teleportation
 v - 3 scrolls of enchant weapon
 A - 6 scrolls of amnesia
 F - 4 scrolls of blinking
 J - 2 scrolls of magic mapping
 L - a scroll of vulnerability
 N - 5 scrolls of immolation
 S - 10 scrolls of identify
 Y - a scroll of fog
Potions
 a - 7 potions of curing
 e - 3 potions of flight
 j - 3 potions of magic
 l - 4 potions of lignification
 m - 7 potions of haste
 o - a potion of heal wounds
 p - 2 potions of cancellation
 q - 11 potions of agility
 D - a potion of mutation
 E - 4 potions of might
 I - 5 potions of brilliance
 K - a potion of ambrosia
Books
 i - a book of Beasts

   Spells                             Type                      Level
   a - Summon Butterflies             Summoning                    1
   b - Call Canine Familiar           Summoning                    3
   c - Summon Ice Beast               Ice/Summoning                4
   d - Summon Mana Viper              Hexes/Summoning              5
   e - Summon Hydra                   Summoning                    7
 O - a book of Battle

   Spells                             Type                      Level
   a - Infusion                       Charms                       1
   b - Shroud of Golubria             Charms/Translocation         2
   c - Song of Slaying                Charms                       2
   d - Spectral Weapon                Hexes/Charms                 3
   e - Regeneration                   Charms/Necromancy            3
Comestibles
 c - 3 rations


   Skills:
 - Level 9.2 Fighting
   Level 1.0 Short Blades
   Level 0.4 Slings
 - Level 10.0 Dodging
 - Level 5.2 Stealth
 - Level 11.1 Shields
 - Level 11.0 Unarmed Combat
 + Level 5.7 Spellcasting
 - Level 5.8 Charms
 - Level 7.8 Summonings
 - Level 7.4 Transmutations
 - Level 8.5 Ice Magic
 - Level 10.1 Evocations


You had 7 spell levels left.
You knew the following spells:

 Your Spells              Type           Power        Failure   Level  Hunger
a - Statue Form           Tmut/Erth      ###......    99%         6    #######
c - Freeze                Ice            ####         1%          1    None
d - Summon Ice Beast      Ice/Summ       #####...     6%          4    ####...
g - Ice Form              Ice/Tmut       #####...     6%          4    ####...
z - Ozocubu's Armour      Chrm/Ice       ####....     2%          3    ##.....


Dungeon Overview and Level Annotations

Branches:
Dungeon (14/15)            Temple (1/1) D:7            Lair (6/6) D:10
 Shoals (0/4) Lair:3        Snake (0/4) Lair:3        Slime (0/5) Lair:5
    Orc (2/2) D:9             Elf (0/3) Orc:2
 Vaults: D:13-14

Altars:
Ashenzari
Cheibriados
Dithmenos
Elyvilon
Fedhas
Gozag
Hepliaklqana
Makhleb
Nemelex Xobeh
Okawaru
Qazlal
Ru
Sif Muna
Trog
Uskayaw
Vehumet
Wu Jian
Xom
Yredelemnul
Zin
The Shining One
Beogh

Shops:
D:4 (   D:10 =   D:11 (   D:13 =   Orc:2 *[([[=?   Lair:3 =   Lair:6 *

Annotations:
D:7 exclusion: door
D:10 exclusion: obsidian statue


Innate Abilities, Weirdness & Mutations

You cannot wear most types of armour.
You are very stealthy in the water. (Stealth+)
You are amphibious.
You can wear up to eight rings at the same time.
You can use your tentacles to constrict eight enemies at once.
Your skin changes colour to match your surroundings (Stealth+).
Your rubbery body absorbs attacks. (AC +1, EV +1)
You have a pair of small antennae on your head.
Your muscles are strong. (Str +2)


Message History

You constrict the death knight, but do no damage.
The death knight calls down the wrath of Yredelemnul upon you.
You easily resist.
The phantasmal warrior hits you!!
You are too injured to fight recklessly!
You are too injured to fight recklessly!
You tentacle-slap the death knight.
You kill the death knight!
The phantasmal warrior completely misses you.
The phantasmal warrior blinks!
Things that are here:
4 gold pieces; an enchanted great sword; a chain mail You tentacle-slap the phantasmal warrior.
The phantasmal warrior is lightly damaged.
The phantasmal warrior hits you!!!
* * * LOW HITPOINT WARNING * * *
You tentacle-slap the phantasmal warrior but do no damage.
The phantasmal warrior is lightly damaged.
The phantasmal warrior hits you!!
You die...
Your body crumbles into a pile of gold.

≈≈≈≈≈ ≈ ###### ≈≈≈≈≈ ≈≈ #<....
≈≈≈≈ .≈ #..... .... Y. #. #(....
...## .# #####.).. #.....
...##.## ##.....# #(....
#....W.######..##### ##(....
#..###....(.(.###### #c(.... ##.#
####......$@W.# ##(..... #.#
##..########...#####....... #.#
##..## ##......(...... #.###..##
#######.#.#### #.....## #.#.##..
###..### #.#.##.# .....)##
####.#.#..#
.####..################..c.....##
....)....)..........c...#.##.####


You could see a phantasmal warrior.

Vanquished Creatures
  Rupert (Lair:6)
  The ghost of derrymb the Warrior, a journeyman MiBe of Trog (Orc:2)
  A fire giant (Orc:2)
  A stone giant (Orc:2)
  A vault guard (D:14)
  2 centaur warriors
  3 hydras
  A death knight (D:14)
  4 two-headed ogres
  4 death yaks (Lair:5)
  A tengu warrior (D:13)
  2 orc high priests (Orc:2)
  The ghost of inc the Tainter, a journeyman FeVM of Elyvilon (Orc:2)
  Nergalle (Lair:2)
  19 spiny frogs
  A sea snake (Lair:6)
  A lindwurm (Lair:4)
  2 orc knights (Orc:2)
  6 ugly things
  A cyclops (D:14)
  4 orc sorcerers
  11 slime creatures
  12 elephants
  Psyche (D:11)
  3 black mambas
  2 merfolk sirens (Lair:3)
  A gargoyle (D:11)
  10 rime drakes
  7 komodo dragons
  A queen bee (Lair:4)
  7 trolls
  2 polar bears
  3 meliai (Lair:4)
  A wind drake (Lair:6)
  13 hippogriffs
  12 blink frogs
  The ghost of letownia2 the Conjurer, an amateur TeCj of Cheibriados (D:7)
  A shadow (D:12)
  33 yaks
  3 wraiths
  A basilisk (Lair:3)
  5 wyverns
  A hungry ghost (D:11)
  2 nagas (Lair:3)
  7 wargs
  A soldier ant (D:13)
  10 water moccasins
  11 porcupines
  25 orc warriors
  2 phantoms
  5 ice beasts
  4 black bears
  4 sky beasts
  2 eyes of draining
  7 wolves
  6 centaurs
  10 ogres
  A necrophage (D:12)
  19 crocodiles
  4 big kobolds
  16 bullfrogs
  A wyvern skeleton (D:12)
  6 scorpions
  29 killer bees (Lair:4)
  22 wights
  3 howler monkeys
  2 vampire bats (D:14)
  2 bullfrog zombies
  3 crimson imps
  A quasit (D:10)
  4 centaur zombies
  5 jellies
  18 orc priests
  3 bullfrog skeletons
  12 hounds
  A centaur skeleton (D:4)
  An iguana (D:9)
  24 orc wizards
  2 worker ants
  A hound zombie (D:8)
  14 mummies (Ossuary)
  A worker ant zombie (D:8)
  6 gnolls
  21 adders
  4 shadow imps
  6 oozes
  2 adder skeletons
  6 worms
  3 dart slugs
  9 leopard geckos
  82 orcs
  4 giant cockroaches
  15 goblins
  11 hobgoblins
  16 jackals
  22 kobolds
  9 quokkas
  A ball python (D:5)
  A ball python skeleton (D:5)
  17 bats
  5 frilled lizards
  2 gnoll skeletons (Ossuary)
  2 goblin skeletons (Ossuary)
  2 kobold skeletons (Ossuary)
  2 orc skeletons (Ossuary)
  A quokka skeleton (D:4)
  7 rats
  11 rat skeletons (Ossuary)
747 creatures vanquished.

Vanquished Creatures (collateral kills)
  A stone giant (Orc:1)
  2 hydras
  A two-headed ogre (D:8)
  A merfolk avatar (Lair:6)
  An orc knight (Orc:1)
  2 ugly things (D:14)
  A cyclops (D:14)
  3 oklob plants (Lair:2)
  3 elephants
  A rime drake (Lair:6)
  A spiny frog (Lair:6)
  A komodo dragon (Lair:6)
  A troll (D:11)
  A polar bear (Lair:6)
  5 slime creatures
  2 blink frogs (Lair:6)
  A hippogriff (D:12)
  11 yaks
  3 water moccasins
  A porcupine (Lair:1)
  3 orc warriors
  An ogre (D:14)
  A wolf (Lair:6)
  3 crocodiles
  A big kobold (D:14)
  A bullfrog (D:14)
  A wight (D:14)
  2 orc wizards
  An orc priest (D:11)
  9 orcs
  A bat (D:14)
  A kobold (D:14)
  A plant (Lair:2)
69 creatures vanquished.

Vanquished Creatures (others)
  An orc sorcerer (Orc:2)
  4 elephants (Lair:5)
  A rime drake (Lair:2)
  A yak (Lair:1)
  2 orc priests
  A bush (Lair:6)
  45 fungi
  33 plants
88 creatures vanquished.

Grand Total: 904 creatures vanquished

Notes
Turn   | Place    | Note
-------+----------+-------------------------------------------
     0 | D:1      | BenDover the Octopode Artificer began the quest for the Orb.
     0 | D:1      | Reached XP level 1. HP: 13/13 MP: 3/3
    79 | D:1      | Reached skill level 1 in Unarmed Combat
   307 | D:1      | Reached XP level 2. HP: 14/18 MP: 4/4
   859 | D:1      | Reached XP level 3. HP: 23/23 MP: 5/5
  1550 | D:2      | Found an iron altar of Okawaru.
  1560 | D:2      | Reached XP level 4. HP: 21/28 MP: 6/6
  1761 | D:2      | Found a deep blue altar of Sif Muna.
  2144 | D:2      | Found a white marble altar of Elyvilon.
  2267 | D:2      | Found a burning altar of Makhleb.
  2756 | D:3      | Reached XP level 5. HP: 33/33 MP: 7/7
  3348 | D:4      | Reached skill level 5 in Unarmed Combat
  3657 | D:4      | Got a warped quarterstaff
  3658 | D:4      | Identified the +6 quarterstaff "Mem Waebbai" {crush, +Rage rN++ MR+ Dex-5} (You found it on level 4 of the Dungeon)
  3700 | D:4      | Found Xatuw's Antique Weapon Shop.
  3750 | D:4      | Reached XP level 6. HP: 30/38 MP: 8/8
  3897 | D:4      | Found a glowing golden altar of the Shining One.
  5274 | D:5      | Entered Level 5 of the Dungeon
  5502 | D:5      | Found a stormy altar of Qazlal.
  5502 | D:5      | Noticed an ice beast
  5535 | D:5      | Reached skill level 5 in Evocations
  5535 | D:5      | Reached XP level 7. HP: 8/43 MP: 9/11
  6077 | D:5      | Found a sacrificial altar of Ru.
  6920 | D:5      | Reached skill level 5 in Dodging
  6920 | D:5      | Reached XP level 8. HP: 38/48 MP: 12/12
  7681 | D:4      | Bought a runed hunting sling for 126 gold pieces
  7993 | D:6      | Reached skill level 5 in Stealth
  8432 | D:6      | Found a bloodstained altar of Trog.
  8998 | D:7      | Found a blossoming altar of Fedhas.
  8998 | D:7      | Noticed a hippogriff
  9112 | D:7      | Found a shadowy altar of Dithmenos.
  9133 | D:7      | Found an iron altar of Okawaru.
  9138 | D:7      | Noticed letownia2's ghost (amateur TeCj)
  9348 | D:7      | Reached skill level 1 in Shields
  9393 | D:7      | Reached XP level 9. HP: 34/59 MP: 13/13
  9531 | D:7      | Killed letownia2's ghost
  9542 | D:7      | Found a sparkling altar of Nemelex Xobeh.
  9547 | D:7      | Found a staircase to the Ecumenical Temple.
  9560 | Temple   | Entered the Ecumenical Temple
  9641 | Temple   | Became a worshipper of Gozag Ym Sagoz the Greedy
 10316 | D:8      | Found a sacrificial altar of Ru.
 10421 | D:8      | Noticed a two-headed ogre
 10434 | D:8      | Found a sand-covered staircase.
 10435 | D:8      | Noticed a two-headed ogre
 10450 | D:8      | Killed a two-headed ogre
 10460 | D:8      | Killed a two-headed ogre
 10472 | Ossuary  | Entered an ossuary
 11652 | D:8      | Found a glowing silver altar of Zin.
 11688 | D:8      | Reached XP level 10. HP: 65/65 MP: 14/14
 11718 | D:8      | Found a hazy altar of Hepliaklqana.
 11936 | D:9      | Found a staircase to the Orcish Mines.
 12031 | D:9      | Found a shattered altar of Ashenzari.
 12282 | D:9      | Noticed a two-headed ogre
 12301 | D:9      | Killed a two-headed ogre
 12564 | D:9      | Found a flagged portal.
 12710 | D:9      | Found a roughly hewn altar of Beogh.
 12745 | D:9      | Learned a level 3 spell: Ozocubu's Armour
 12750 | D:9      | Learned a level 4 spell: Summon Ice Beast
 12752 | D:9      | Learned a level 1 spell: Freeze
 12849 | D:9      | Reached skill level 1 in Ice Magic
 12888 | D:9      | Found a shadowy altar of Dithmenos.
 13312 | D:10     | Entered Level 10 of the Dungeon
 13348 | D:10     | Reached skill level 1 in Charms
 13385 | D:10     | Reached skill level 1 in Summonings
 13512 | D:10     | Found Xauf's Jewellery Boutique.
 13515 | D:10     | Bought a +4 ring of slaying for 858 gold pieces
 13576 | D:10     | Reached skill level 1 in Spellcasting
 13803 | D:10     | Noticed an obsidian statue
 14218 | D:10     | Found a staircase to the Lair.
 14227 | D:10     | Identified a scroll of acquirement
 14337 | D:10     | Reached XP level 11. HP: 58/70 MP: 15/15
 14624 | D:10     | Reached skill level 5 in Ice Magic
 14787 | D:10     | Bought an uncursed ring of protection from fire for 275 gold pieces
 14939 | D:11     | Found Fomyju Ufino's Weapon Shop.
 15097 | D:11     | Noticed Psyche
 15102 | D:11     | Killed Psyche
 15164 | D:11     | Noticed a green ugly thing
 15178 | D:11     | Killed a green ugly thing
 15229 | D:11     | Found a stormy altar of Qazlal.
 15508 | D:11     | Noticed a two-headed ogre
 15522 | D:11     | Killed a two-headed ogre
 15802 | Lair:1   | Entered Level 1 of the Lair of Beasts
 15859 | Lair:1   | Reached skill level 5 in Charms
 16096 | Lair:1   | Reached skill level 5 in Summonings
 16108 | Lair:1   | Killed a spiny frog
 16506 | Lair:1   | Reached XP level 12. HP: 40/75 MP: 16/16
 17512 | Lair:2   | Noticed an eight-headed hydra
 17518 | Lair:2   | Killed an eight-headed hydra
 17518 | Lair:2   | Reached skill level 10 in Unarmed Combat
 17976 | Lair:2   | Noticed Nergalle
 17987 | Lair:2   | Killed Nergalle
 18516 | Lair:2   | Reached skill level 5 in Fighting
 19287 | Lair:3   | Identified the Handbook of Dusty Evil
 19505 | Lair:3   | Found a staircase to the Snake Pit.
 20075 | Lair:3   | Found a staircase to the Shoals.
 20093 | Lair:3   | Reached XP level 13. HP: 82/84 MP: 18/18
 20421 | Lair:3   | Bought the amulet "Qaer" {RegenMP rPois rF+} for 578 gold pieces
 20493 | Lair:4   | Learned a level 4 spell: Ice Form
 20533 | Lair:4   | Reached skill level 1 in Transmutations
 21277 | Lair:4   | Reached skill level 5 in Transmutations
 21689 | Lair:4   | Gained mutation: Scrolls take you a little longer to read. [potion of mutation]
 21689 | Lair:4   | Gained mutation: You are agile. (Dex +2) [potion of mutation]
 21689 | Lair:4   | Gained mutation: You are partially covered in yellow scales. (AC +2) [potion of mutation]
 22038 | Lair:5   | Found a staircase to the Slime Pits.
 23670 | Lair:6   | Entered Level 6 of the Lair of Beasts
 24087 | Lair:6   | Reached XP level 14. HP: 71/92 MP: 19/19
 24716 | Lair:6   | Noticed Rupert
 24731 | Lair:6   | Killed Rupert
 24731 | Lair:6   | Reached skill level 10 in Dodging
 26575 | D:9      | Learned a level 6 spell: Statue Form
 26593 | Orc:1    | Entered Level 1 of the Orcish Mines
 26652 | Orc:2    | Entered Level 2 of the Orcish Mines
 26652 | Orc:2    | Found Kidoe's Antique Armour Shop.
 26656 | Orc:2    | Noticed inc's ghost (journeyman FeVM)
 26663 | Orc:2    | Noticed derrymb's ghost (journeyman MiBe)
 26666 | Orc:2    | Killed inc's ghost
 27281 | D:12     | Noticed Sonja
 27300 | D:12     | Noticed Sonja
 27300 | D:12     | Sonja changed into Sonja the big kobold
 27323 | D:12     | Killed Sonja the big kobold
 28283 | D:13     | Reached skill level 10 in Evocations
 28597 | D:13     | Found a white marble altar of Elyvilon.
 28840 | D:13     | Bought a +3 ring of protection for 294 gold pieces
 29279 | D:14     | Reached XP level 15. HP: 87/101 MP: 22/22
 30631 | Orc:2    | Killed derrymb's ghost
 31352 | D:12     | Lost mutation: You are partially covered in yellow scales. (AC +2) [potion of mutation]
 31352 | D:12     | Lost mutation: Scrolls take you a little longer to read. [potion of mutation]
 31352 | D:12     | Lost mutation: You are agile. (Dex +2) [potion of mutation]
 31352 | D:12     | Gained mutation: Your muscles are strong. (Str +2) [potion of mutation]
 31352 | D:12     | Gained mutation: You have a pair of small antennae on your head. [potion of mutation]
 31540 | Orc:2    | Found a roughly hewn altar of Beogh.
 31671 | Orc:2    | Found a roughly hewn altar of Beogh.
 31672 | Orc:2    | Found Hymaowos's Antique Armour Boutique.
 31731 | Orc:2    | Found a roughly hewn altar of Beogh.
 31827 | Orc:2    | Found Zorodobu's Armour Emporium.
 31830 | Orc:2    | Found a staircase to the Elven Halls.
 32133 | Orc:2    | Found Yfocha's Assorted Antiques.
 32310 | Orc:2    | Found Pets's Magic Scroll Boutique.
 32829 | Orc:2    | Found a roughly hewn altar of Beogh.
 32841 | Orc:2    | Reached skill level 10 in Shields
 32930 | Orc:2    | Paralysed by an orc sorcerer for 5 turns
 33010 | Orc:2    | Bought a glowing shield for 180 gold pieces
 33087 | Orc:2    | Noticed an orc warlord
 33284 | Orc:2    | Noticed a fire giant
 33284 | Orc:2    | an orc warlord changed into a fire giant
 33289 | Orc:2    | Killed a fire giant
 33699 | D:10     | Bought the ring "Ynnaokuh" {rN++ Str-5 Int+3 Dex+3} for 319 gold pieces
 34160 | Orc:2    | Found Ahurol's Antique Weapon Shop.
 34162 | Orc:2    | Found a roughly hewn altar of Beogh.
 34169 | Orc:2    | Found Xaskowk's Antique Armour Boutique.
 34528 | D:10     | Bought an uncursed ring of protection from magic for 275 gold pieces
 35005 | D:14     | Reached skill level 5 in Spellcasting
 35344 | D:14     | Mangled by a phantasmal warrior

Skill      XL: |  1  2  3  4  5  6  7  8  9 10 11 12 13 14 15 |
---------------+----------------------------------------------+-----
Unarmed Combat | 1 2 3 4 5 6 7 8 11 | 11.0
Evocations     | 5 6 7 10 | 10.1
Dodging        | 5 6 7 8 9 10 | 10.0
Stealth        | 5 |  5.2
Fighting       | 4 6 7 9 |  9.2
Shields        | 2 6 7 11 | 11.1
Ice Magic      | 4 8 |  8.5
Charms         | 3 5 |  5.8
Summonings     | 2 5 7 |  7.8
Spellcasting   | 1 2 4 5 |  5.7
Transmutations | 7 |  7.4
Short Blades   | |  1.0
Slings         | |  0.4

Action                   |  1- 3 |  4- 6 |  7- 9 | 10-12 | 13-15 || total
-------------------------+-------+-------+-------+-------+-------++-------
Melee: Short sword       |    14 |       |       |       |       ||    14
       Constrict         |    18 |    46 |    53 |    71 |   174 ||   362
       Whip              |    51 |   152 |    68 |       |       ||   271
       Tentacles         |    12 |    29 |    39 |   162 |   342 ||   584
       Punch             |     1 |    12 |     9 |    47 |   142 ||   211
       Quarterstaff      |       |       |     4 |       |       ||     4
       Unarmed           |       |       |   126 |   557 |  1237 ||  1920
 Fire: Hunting sling     |       |    47 |   132 |    53 |       ||   232
Throw: Javelin           |       |       |       |    24 |    12 ||    36
 Cast: Ozocubu's Armour  |       |       |       |    37 |    72 ||   109
       Summon Ice Beast  |       |       |       |    10 |   110 ||   120
       Ice Form          |       |       |       |       |     7 ||     7
Invok: Potion Petition   |       |       |       |       |     5 ||     5
       Call Merchant     |       |       |       |       |     4 ||     4
 Abil: End Transformatio |       |       |       |       |     3 ||     3
Evoke: Wand              |     5 |    14 |    35 |    71 |    80 ||   205
       Phantom mirror    |       |       |       |       |     1 ||     1
  Use: Scroll            |       |    10 |    15 |     4 |    13 ||    42
       Potion            |       |       |       |     8 |     7 ||    15
 Stab: Sleeping          |     7 |    14 |    13 |    20 |    19 ||    73
       Paralysed         |       |     4 |       |       |       ||     4
       Distracted        |       |       |     1 |     2 |    18 ||    21
       Betrayed ally     |       |       |       |     1 |       ||     1
       Confused          |       |       |       |       |     1 ||     1
  Eat: Chunk             |     2 |     5 |     3 |       |       ||    10
       Ration            |       |     3 |     4 |    11 |    23 ||    41
Armor: Skin              |     8 |    10 |    10 |    46 |   149 ||   223
Dodge: Dodged            |    24 |    89 |   131 |   273 |   726 ||  1243
Block: Buckler           |       |       |    24 |   176 |   209 ||   409
       Shield            |       |       |       |       |   295 ||   295
